 Dungeon Crawl Stone Soup version 0.21-a0-170-g0398fc9 (webtiles) character file.

54 Charmandara the Caller (level 3, -2/19 HPs)
             Began as a Tengu Summoner on Aug 6, 2017.
             Was a Follower of Okawaru.
             Killed from afar by an orc wizard (12 damage)
             ... with a puff of frost
             ... on level 3 of the Dungeon.
             The game lasted 00:03:18 (1632 turns).

Charmandara the Caller (Tengu Summoner)             Turns: 1632, Time: 00:03:18

Health: -2/19      AC:  3    Str:  8    XL:     3   Next: 91%
Magic:  7/8        EV: 13    Int: 16    God:    Okawaru [*.....]
Gold:   187        SH:  0    Dex: 16    Spells: 2/8 levels left

rFire    . . .     SeeInvis .   h - +0 mace
rCold    . . .     Gourm    .   (no shield)
rNeg     . . .     Faith    .   a - +0 robe
rPois    .         Spirit   .   (helmet restricted)
rElec    .         Reflect  .   m - +0 cloak
rCorr    .         Harm     .   (no gloves)
MR       .....                  (boots unavailable)
Stlth    ++........             (no amulet)
HPRegen  0.06/turn              s - +2 ring of dexterity
MPRegen  0.11/turn              (no ring)

@: very slightly contaminated, invisible
A: beak, talons 3
a: Heroism, Renounce Religion


You were on level 3 of the Dungeon.
You worshipped Okawaru.
Okawaru was aware of your devotion.
You were hungry.

You visited 1 branch of the dungeon, and saw 3 of its levels.

You collected 187 gold pieces.

Inventory:

Hand Weapons
 h - a +0 mace (weapon)
   (You found it on level 1 of the Dungeon)
 n - a +0 dagger
   (You took it off a kobold on level 1 of the Dungeon)
Missiles
 k - 4 tomahawks (quivered)
Armour
 a - a +0 robe (worn)
 f - a +3 plate armour
   (You found it on level 1 of the Dungeon)
 m - a +0 cloak (worn)
   (You found it on level 1 of the Dungeon)
Jewellery
 s - a +2 ring of dexterity (left hand)
   (You found it on level 1 of the Dungeon)
Wands
 x - a wand of digging (10/24)
   (You found it on level 2 of the Dungeon)
Scrolls
 d - 5 scrolls of remove curse
 e - a scroll of immolation {unknown}
 i - a scroll of identify
 l - a scroll of fog {unknown}
 o - a scroll of teleportation {unknown}
 y - a scroll of noise {unknown}
 z - a scroll of enchant armour {unknown}
Potions
 j - 2 potions of flight
 q - 2 potions of agility
 u - a potion of haste
 v - a potion of resistance
Books
 b - a book of Callings
Comestibles
 c - 4 bread rations {@e1}
 g - a meat ration {@e2}
 p - a royal jelly


   Skills:
 - Level 2.1 Dodging
 - Level 2.0 Stealth
 + Level 3.1 Spellcasting
 + Level 5.6 Summonings


You had 2 spell levels left.
You knew the following spells:

 Your Spells              Type           Power        Failure   Level  Hunger
a - Summon Small Mammal   Summ           ###.         1%          1    None
b - Call Canine Familiar  Summ           ###.....     5%          3    ###....
c - Call Imp              Summ           ###.....     2%          2    ##.....


Dungeon Overview and Level Annotations

Branches:
Dungeon (3/15)

Altars:
Okawaru
Qazlal
Vehumet
The Shining One


Innate Abilities, Weirdness & Mutations

You have a beak for a mouth.
You have claws for feet.


Message History

Done exploring.
(D) Dungeon
Where to? (Enter - D:2, ? - help)
There is a stone staircase leading down here.
You climb downwards.
A goblin, a hobgoblin, 2 orcs and an orc priest come into view.
The orc priest shouts!
The goblin shouts!
The orc shouts! x2
You hear a shout!
Found a stone staircase leading down.
There is a stone staircase leading up here.
Unknown command.
You climb upwards.
There is a stone staircase leading down here.
Unknown command.
Unknown command.
There is an escape hatch in the floor here.
Unknown command.
You see here 25 stones.
There is a stone staircase leading down here.
You climb downwards.
There is a stone staircase leading up here.
Unknown command.
Found an escape hatch in the floor.
You now have 187 gold pieces (gained 17).
Found a stone staircase leading up.
c - 3 bread rations {@e1} (gained 1) All of the chunks of flesh in your inventory have rotted away.
You see here a dagger. 2 orcs come into view.
There are monsters nearby!
There are monsters nearby!
An orc wizard comes into view. It is wielding a dagger.
The orc shouts!
The orc wizard unwields an uncursed dagger.
The orc wizard drops an uncursed dagger.
The orc wizard picks up a short sword.
The orc wizard wields a short sword.
An orc comes into view. It is wielding a club.
The orc wizard shouts!
You see here a bread ration {@e1}.
c - 4 bread rations {@e1} (gained 1)
You don't know that spell.
A shadowy apparition takes form in the air.
The orc shouts! x2
You are feeling hungry.
You now have 6/8 mp.
You closely miss the orc. The orc hits you with a short sword.
Your shadow imp hits the orc.
The orc hits you with a short sword.
You take 5 damage, and have 14/19 hp.
MASSIVE DAMAGE!!
You barely miss the orc. You peck the orc.
Your shadow imp closely misses the orc.
The orc barely misses you.
The orc wizard gestures wildly while chanting.
The orc wizard flickers and vanishes!
Deactivating autopickup; reactivate with Ctrl-A.
You hit the orc but do no damage. You claw the orc.
You kill the orc!
Okawaru accepts your kill.
You barely miss the orc. Your peck misses the orc.
You hear some strange, mumbled words.
The orc barely misses you.
Your shadow imp barely misses the orc.
You hit the orc but do no damage. Your kick misses the orc.
Your shadow imp closely misses the orc.
The orc hits your shadow imp but does no damage.
Your shadow imp gestures at the orc.
The orc barely resists.
You hit the orc. You peck the orc.
You kill the orc!
Okawaru accepts your kill. Something hits you.
Your shadow imp hits the orc.
You hear some strange, mumbled words.
A puff of frost appears from out of thin air!
The puff of frost hits you!
* * * LOW HITPOINT WARNING * * *
The orc hits you but does no damage.
You take 9 damage, and have 5/19 hp.
MASSIVE DAMAGE!!
You feel much better. Something hits you.
Your shadow imp barely misses the orc.
The orc closely misses you.
You regained 11 hp, and now have 16/19 hp.
Unknown command.
You fade into invisibility!
Something hits you.
Your shadow imp hits the orc but does no damage.
Something hits you. The orc closely misses you.
You are very lightly contaminated with residual magic.
You take 4 damage, and have 12/19 hp.
MASSIVE DAMAGE!!
You closely miss the orc. You claw the orc, but do no damage.
Your peck misses the orc.
Your shadow imp hits something.
You closely miss something. Your peck misses something. Something hits you.
Your shadow imp barely misses something.
The orc completely misses you. Something hits you but does no damage.
Your shadow imp hits something but does no damage.
You take 2 damage, and have 10/19 hp.
You hit the orc but do no damage.
You hear some strange, mumbled words.
A puff of frost appears from out of thin air!
The puff of frost hits you!
Ouch! That really hurt!
You die...

#...+..≈PP.≈ # #.
####.#......##P #.#.
#....##..#### #
#.#.#####.#####..## ###
.#.................###..
.).........####...#....P
.............).......P.P
......5......#..#..≈PP≈≈
......{@...###..#.≈≈≈≈♣≈
.......o...# #..#.P≈PPPP
.#########.....##.P≈PPPP
####..##.PP≈≈..
#..##......#
..##..###..#


You could see an orc and a friendly shadow imp.

Vanquished Creatures
  An adder (D:2)
  An ooze (D:2)
  A leopard gecko (D:2)
  2 orcs (D:3)
  A giant cockroach (D:1)
  5 hobgoblins
  4 kobolds
  A quokka (D:2)
  2 ball pythons
  3 bats
  A frilled lizard (D:2)
  2 rats (D:2)
24 creatures vanquished.

Vanquished Creatures (collateral kills)
  An adder (D:2)
  4 giant cockroaches
  3 goblins (D:1)
  A ball python (D:1)
  A rat (D:1)
10 creatures vanquished.

Grand Total: 34 creatures vanquished

Notes
Turn   | Place    | Note
-------+----------+-------------------------------------------
     0 | D:1      | Charmandara the Tengu Summoner began the quest for the Orb.
     0 | D:1      | Reached XP level 1. HP: 10/10 MP: 4/4
    81 | D:1      | Reached skill level 5 in Summonings
    86 | D:1      | Reached XP level 2. HP: 14/15 MP: 4/6
   601 | D:2      | Reached XP level 3. HP: 19/19 MP: 6/8
   605 | D:2      | Learned a level 2 spell: Call Imp
   609 | D:2      | Learned a level 3 spell: Call Canine Familiar
   783 | D:2      | Found a faded altar of an unknown god.
   860 | D:2      | Became a worshipper of Warmaster Okawaru
   860 | D:2      | Reached * piety under Okawaru
  1121 | D:2      | Found a radiant altar of Vehumet.
  1122 | D:2      | Found a stormy altar of Qazlal.
  1125 | D:2      | Found a glowing golden altar of the Shining One.
  1167 | D:2      | Reached skill level 3 in Spellcasting
  1632 | D:3      | Killed from afar by an orc wizard

Vault maps used:
D:1:      saegor_arrival_simple_c, st_stairs_3
D:2:      minitemple, chequers_ecumenical_altar_twisty
D:3:      serial_bayou, serial_bayou_pond_c, serial_bayou_shore_b,
          serial_bayou_lagoon_a, serial_bayou_pond_c, serial_bayou_lake_a,
          first_bread

Skill      XL: |  1  2  3 |
---------------+----------+-----
Summonings     | 5 |  5.6
Spellcasting   | 3 |  3.1
Dodging        | |  2.1
Stealth        | |  2.0

Action                   || total
-------------------------++-------
Melee: Mace              ||    62
       Peck              ||     8
       Kick              ||    12
Throw: Tomahawk          ||     2
 Cast: Summon Small Mamm ||    14
       Call Imp          ||     2
  Use: Scroll            ||     7
       Potion            ||     2
 Stab: Distracted        ||     1
       Sleeping          ||     4
  Eat: Chunk             ||     2
Armor: Robe              ||    20
Dodge: Dodged            ||    57

Vault maps used:
D:1:      saegor_arrival_simple_c, st_stairs_3
D:2:      minitemple, chequers_ecumenical_altar_twisty
D:3:      serial_bayou, serial_bayou_pond_c, serial_bayou_shore_b,
          serial_bayou_lagoon_a, serial_bayou_pond_c, serial_bayou_lake_a,
          first_bread

Table legend:
 A = Turns spent in this place as a percentage of turns spent in the entire game.
 B = Non-inter-level travel turns spent in this place as a percentage of non-inter-level travel turns spent in the entire game.
 C = Inter-level travel turns spent in this place as a percentage of turns spent in this place.
 D = Turns resting spent in this place as a percentage of non-inter-level travel turns spent in this place.
 E = Turns spent auto-exploring this place as a percentage of non-inter-level travel turns spent in this place.
 F = Non-inter-level travel turns spent in this place divided by the number of levels of this place that you've seen.
                   A       B       C       D       E      F
               +-------+-------+-------+-------+-------+----------------------
         Total | 100.0 | 100.0 |   1.1 |   0.9 |  12.2 | 150.7
       Dungeon | 100.0 | 100.0 |   1.1 |   0.9 |  12.2 | 150.7
               +-------+-------+-------+-------+-------+----------------------

Table legend:
 A = Kills in this place as a percentage of kills in entire the game.
 B = Kills by you in this place as a percentage of kills by you in the entire game.
 C = Kills by friends in this place as a percentage of kills by friends in the entire game.
 D = Other kills in this place as a percentage of other kills in the entire game.
 E = Experience gained in this place as a percentage of experience gained in the entire game.
 F = Experience gained in this place divided by the number of levels of this place that you have seen.
                   A       B       C       D       E      F
               +-------+-------+-------+-------+-------+----------------------
         Total | 100.0 | 100.0 | 100.0 |  -nan | 100.0 |  26.0
       Dungeon | 100.0 | 100.0 | 100.0 |  -nan | 100.0 |  26.0
               +-------+-------+-------+-------+-------+----------------------
